Cogmind - Beta 14 @@@ ROGUE MODE // 2024.09.26 @ 22:55:20 Player: Connor Result: Destroyed by H-66 Slayer with Gauss Rifle Performance ------------- Evolutions (4) 2000 Regions Visited (6) 1200 Robots Destroyed (45) 225 Value Destroyed (1595) 1595 Prototype IDs (3) 60 Alien Tech Used (0) 0 Bonus (29) 29 TOTAL SCORE: 5109 Bonus ------- High Alert Combat Kills 29 Cogmind --------- Core Integrity 0/850 Matter 24/300 Energy 99/100 System Corruption 8% Temperature Cool (0) Movement Core (50) Location -6/Factory Parts ------- > --- POWER (2) -------- (None) > --- PROPULSION (5) --- (None) > --- UTILITY (4) ------ (None) > --- WEAPON (4) ------- (None) > --- INVENTORY (5) ---- Micro Nuclear Core Xenon Bombardment Thruster Peak State ------------ > --- POWER ------------ Light Nuclear Core > --- PROPULSION ------- Aluminum Leg Aluminum Leg Aluminum Leg Aluminum Leg > --- UTILITY ---------- Small Storage Unit Compact Battery Improved Particle Charger System Shield > --- WEAPON ----------- Cooled Particle Cannon Assault Cannon Advanced Assault Cannon Gauss Cannon > --- INVENTORY -------- Power Sword [Rating: 35] Favorites ----------- Power Ion Engine Engine Ion Engine Power Core Light Nuclear Core Propulsion Aluminum Leg Leg Aluminum Leg Flight Unit Xenon Bombardment Thruster Utility Small Storage Unit Device Tractor Beam Storage Small Storage Unit Hackware System Shield Protection Light Armor Plating Weapon Improved Assault Rifle Energy Gun Small Laser Energy Cannon Light EM Pulse Cannon Ballistic Gun Improved Assault Rifle Ballistic Cannon Assault Cannon Launcher Mini Grenade Launcher Slashing Weapon Power Sword Build | -11 -10 -9 -9 -8 -7 -6 ------- Run | Yrd Mat Mat Sto Mat Fac Fac Slots Evolved 8 | . . 2 . 2 2 2 Power 1 | . . . . . . 1 Propulsion 3 | . . 2 . . . 1 Utility 2 | . . . . 1 1 . Weapon 2 | . . . . 1 1 . Parts Attached 59 | 6 1 9 13 18 3 9 Power 10 | 1 . 2 2 2 . 3 Engine 6 | 1 . 2 2 1 . . Core 4 | . . . . 1 . 3 Reactor . | . . . . . . . Propulsion 15 | 2 . 4 4 4 . 1 Treads . | . . . . . . . Leg 14 | 2 . 4 4 4 . . Wheel . | . . . . . . . Hover . | . . . . . . . Flight 1 | . . . . . . 1 Utility 8 | 1 1 . 1 3 1 1 Device 4 | . 1 . . 2 . 1 Storage 2 | 1 . . . . 1 . Processor . | . . . . . . . Hackware 1 | . . . . 1 . . Protection 1 | . . . 1 . . . Artifact . | . . . . . . . Weapon 26 | 2 . 3 6 9 2 4 Energy Gun 5 | 2 . 1 . 2 . . Energy Cannon 3 | . . 1 . 1 . 1 Ballistic Gun 9 | . . 1 3 4 1 . Ballistic Cannon 6 | . . . 2 1 1 2 Launcher 2 | . . . 1 1 . . Special Weapon . | . . . . . . . Impact Weapon . | . . . . . . . Slashing Weapon 1 | . . . . . . 1 Piercing Weapon . | . . . . . . . Special Melee Weapon . | . . . . . . . Unidentified Prototypes 3 | . . . 1 1 . 1 Parts Lost 27 | . . 3 5 11 . 8 Power 6 | . . 1 1 2 . 2 Propulsion 10 | . . 1 3 4 . 2 Utility 6 | . . . 1 2 . 3 Weapon 5 | . . 1 . 3 . 1 Highest Loss Streak 8 | . . 2 2 8 . 7 To Critical Strikes . | . . . . . . . Average Slot Usage (%) 82 | . 99 93 88 81 99 59 Engine 6 | . 14 10 10 3 . . Core 2 | . . . . 3 7 4 Leg 28 | . 28 38 35 25 30 20 Device 8 | . 13 11 7 10 7 4 Storage 10 | . 14 11 11 9 15 10 Hackware 2 | . . . . 1 7 4 Energy Gun 6 | . 28 15 . 5 . . Energy Cannon 1 | . . . . 1 7 . Ballistic Gun 6 | . . 5 11 10 8 . Ballistic Cannon 6 | . . . 9 3 13 10 Launcher 1 | . . . 1 5 . . Peak Build Rating 35 | 6 8 12 15 24 29 35 Average Rating 15 | 4 7 9 12 16 28 21 On Entrance 12 | . 6 8 12 12 22 29 Naked Turns 110 | . . . . . . 110 Heaviest Build 36 | 13 14 18 21 23 30 36 Greatest Support 46 | 20 20 40 40 46 40 40 Greatest Overweight (x) 3 | 2 . . . 1 . 3 Average Overweight (x) . | . . . . . . . Largest Inventory Capacity 8 | 8 8 8 8 8 8 8 Average Capacity 7 | 7 8 8 8 8 8 7 Most Carried 8 | 6 8 8 8 6 3 8 Average Carried 5 | 3 6 7 7 3 2 4 Final Capacity 8 | 8 8 8 8 8 8 5 Final Carried 8 | 6 8 8 6 3 3 2 Class Distribution -------------------- 46% | Mutant 24% | Scavenger-Mutant 19% | Scavenger-Tank 8% | Tank Dominant Class ---------------- Mutant | -10/Materials Mutant | -9/Materials Mutant | -9/Storage Scavenger-Tank | -8/Materials Scavenger-Tank | -7/Factory Scavenger-Mutant | -6/Factory Resources | -11 -10 -9 -9 -8 -7 -6 ----------- Run | Yrd Mat Mat Sto Mat Fac Fac Matter Collected 1085 | 197 73 154 324 177 . 160 Remotely 486 | . 73 154 259 . . . Salvage Created 1723 | . 210 411 608 460 . 34 Parts 86 | . 6 23 35 22 . . Haulers Intercepted . | . . . . . . . Recyclers Shooed 3 | . . 1 1 . . 1 Parts Field Recycled . | . . . . . . . Retrieved Matter . | . . . . . . . Parts Self-Destructed . | . . . . . . . Prevented . | . . . . . . . Kills | -11 -10 -9 -9 -8 -7 -6 ------- Run | Yrd Mat Mat Sto Mat Fac Fac Combat Hostiles Destroyed 40 | . 4 7 16 12 . 1 Guns 19 | . 4 7 5 3 . . Cannons 14 | . . . 10 3 . 1 AOE 7 | . . . 1 6 . . Classes Destroyed 7 | . 1 3 1 2 . . Worker 1 | . . . 1 . . . Builder 1 | . . . . 1 . . Recycler 2 | . . 1 . 1 . . Watcher 1 | . . 1 . . . . Swarmer 2 | . . . . 2 . . Grunt 31 | . 4 4 13 9 . 1 Sentry 7 | . . 3 3 1 . . Best Kill Streak 8 | . 2 6 4 8 . 1 Combat Bots Only 6 | . 2 4 4 6 . 1 Max Kills in Single Turn 2 | . 1 1 1 2 . 1 Gunslinging . | . . . . . . . Exploded 2 | . . . 1 2 . . Melee . | . . . . . . . Uniques/NPCs Destroyed . | . . . . . . . Combat | -11 -10 -9 -9 -8 -7 -6 -------- Run | Yrd Mat Mat Sto Mat Fac Fac Hostile Shots Fired 361 | . 22 45 67 73 15 139 Missed 99 | . 9 12 15 17 8 38 Damage Taken 3982 | . 157 439 669 1018 44 1655 Core 1053 | . 18 35 71 78 . 851 Absorbed by Shields 58 | . . . . . . 58 Core Remaining (%) 90 | 100 92 . 73 85 100 . Volleys Fired 119 | . 15 26 39 30 . 9 Largest 3 | . 2 2 2 3 . 3 Hottest 140 | . 80 80 58 125 . 140 Shots Fired 259 | . 30 52 78 75 . 24 Gun 168 | . 30 52 39 47 . . Cannon 79 | . . . 37 18 . 24 Launcher 12 | . . . 2 10 . . Special . | . . . . . . . Kinetic 164 | . . 23 76 41 . 24 Thermal 60 | . 15 27 . 18 . . Explosive 12 | . . . 2 10 . . Electromagnetic 23 | . 15 2 . 6 . . Robot Hit Streak 20 | . 17 20 10 7 . 3 Robot Miss Streak 5 | . 2 2 2 5 . 2 Penetration Max . | . . . . . . . Secondary Targets . | . . . . . . . Shots Hit Robots 172 | . 25 40 57 40 . 10 Core Hits 86 | . 8 17 23 32 . 6 Critical Kills 1 | . . 1 . . . . Critical Parts Destroyed . | . . . . . . . Critical Strikes 2 | . . 1 . . . 1 Destroy 1 | . . 1 . . . . Blast 1 | . . . . . . 1 Melee Attacks . | . . . . . . . Impact . | . . . . . . . Slashing . | . . . . . . . Piercing . | . . . . . . . Sneak Attacks . | . . . . . . . Combat Hostiles . | . . . . . . . Follow-up Attacks . | . . . . . . . Damage Inflicted 3648 | . 300 530 1038 1388 . 392 Guns 1709 | . 300 526 483 400 . . Cannons 991 | . . . 418 228 . 345 Explosions 886 | . . . 135 751 . . Melee . | . . . . . . . Ramming 62 | . . 4 2 9 . 47 Kinetic 1953 | . . 285 901 422 . 345 Thermal 503 | . 145 230 . 128 . . Explosive 886 | . . . 135 751 . . Electromagnetic 244 | . 155 11 . 78 . . Impact . | . . . . . . . Slashing . | . . . . . . . Piercing . | . . . . . . . Highest Corruption 8 | . . . . 5 . 8 Average Corruption 4 | . . . . 5 . 4 Corruption Purged . | . . . . . . . Corruption Blocked . | . . . . . . . Effects 7 | . . . . 2 . 5 Message Errors 2 | . . . . 1 . 1 Matter Fused 1 | . . . . . . 1 Heat Flow Errors 3 | . . . . 1 . 2 Energy Discharges 1 | . . . . . . 1 Overload Shots . | . . . . . . . Overflow Damage 50 | . . . . 49 . 1 Projectiles 8 | . . . . 7 . 1 Explosions 42 | . . . . 42 . . Melee . | . . . . . . . Knockbacks 11 | . . . 3 3 . 5 Impact 1 | . . . . . . 1 Kinetic 10 | . . . 3 3 . 4 Secondary . | . . . . . . . Self-Inflicted Damage 159 | . . . . 150 . 9 Shots 4 | . . . . 4 . . Rammed 6 | . . . . . . 6 Targets Rammed 17 | . . 3 2 1 . 11 Kicked 11 | . . 3 2 1 . 5 Crushed . | . . . . . . . Highest Temperature 446 | . 162 36 45 446 . 398 Average Temperature 92 | . 55 15 14 156 . 156 Received Heat Transfer 1415 | . 87 171 318 495 6 338 Effects 4 | . . . . 3 . 1 Energy Bleed 3 | . . . . 2 . 1 Interference 1 | . . . . 1 . . Siege Activations . | . . . . . . . Robots Corrupted . | . . . . . . . Combat Hostiles . | . . . . . . . Parts Fried . | . . . . . . . Impact Corruptions . | . . . . . . . Robots Melted . | . . . . . . . Combat Hostiles . | . . . . . . . Parts Melted . | . . . . . . . Heat Transferred 1183 | . 325 525 . 333 . . Parts Sabotaged . | . . . . . . . Parts Stolen . | . . . . . . . Parts Stripped . | . . . . . . . Power Chain Reactions . | . . . . . . . Alert | -11 -10 -9 -9 -8 -7 -6 ------- Run | Yrd Mat Mat Sto Mat Fac Fac Peak Influence 459 | . 115 285 459 423 143 70 Initial 157 | . . 48 120 157 128 70 Average 164 | . 45 162 268 304 128 54 Maximum Alert Level 2 | . . 1 2 2 . . Low Security (%) 64 | 100 100 57 33 16 100 100 Level 1 24 | . . 42 54 39 . . Level 2 10 | . . . 12 43 . . Level 3 . | . . . . . . . Level 4 . | . . . . . . . Level 5 . | . . . . . . . High Security . | . . . . . . . Max Security . | . . . . . . . Squads Dispatched 10 | . 2 1 3 2 . 2 Investigation 4 | . 2 . 1 . . 1 Extermination . | . . . . . . . Reinforcement 6 | . . 1 2 2 . 1 Assault . | . . . . . . . Garrison . | . . . . . . . Intercept . | . . . . . . . Searches Triggered . | . . . . . . . Construction Impeded 1 | . . . . 1 . . Haulers Reinforced . | . . . . . . . Active Scanning Responses . | . . . . . . . Cargo Convoy Interrupts . | . . . . . . . Stealth | -11 -10 -9 -9 -8 -7 -6 --------- Run | Yrd Mat Mat Sto Mat Fac Fac Distress Signals . | . . . . . . . Communications Jammed . | . . . . . . . Distress Signals . | . . . . . . . Times Spotted 63 | . 5 12 20 16 1 9 Peak Tracking Total 6 | . 2 3 4 5 1 6 Tactical Retreats 4 | . . 1 1 1 . 1 Traps | -11 -10 -9 -9 -8 -7 -6 ------- Run | Yrd Mat Mat Sto Mat Fac Fac Traps Triggered 5 | . 2 . 1 . . 2 Indirectly . | . . . . . . . Trap Hack Attempts . | . . . . . . . Triggered . | . . . . . . . Disarmed . | . . . . . . . Reprogrammed . | . . . . . . . Reused . | . . . . . . . Traps Extracted . | . . . . . . . Installed . | . . . . . . . Triggered . | . . . . . . . Machines | -11 -10 -9 -9 -8 -7 -6 ---------- Run | Yrd Mat Mat Sto Mat Fac Fac Machines Disabled 1 | . . . . 1 . . Max in Single Turn 1 | . . . . 1 . . Machines Repaired . | . . . . . . . Machines Dismantled . | . . . . . . . Machines Sabotaged . | . . . . . . . Overloaded Fab Kills . | . . . . . . . Hacking | -11 -10 -9 -9 -8 -7 -6 --------- Run | Yrd Mat Mat Sto Mat Fac Fac Machines Accessed 5 | . 2 . 1 1 . 1 Terminals 5 | . 2 . 1 1 . 1 Fabricators . | . . . . . . . Repair Stations . | . . . . . . . Recycling Units . | . . . . . . . Scanalyzers . | . . . . . . . Garrison Access . | . . . . . . . Total Hacks 14 | . 4 . 1 4 . 5 Successful 7 | . 3 . 1 2 . 1 Failed 7 | . 1 . . 2 . 4 Catastrophic 2 | . 1 . . . . 1 Database Lockouts . | . . . . . . . Manual 8 | . 3 . . 3 . 2 Terminals 14 | . 4 . 1 4 . 5 Fabricators . | . . . . . . . Repair Stations . | . . . . . . . Recycling Units . | . . . . . . . Scanalyzers . | . . . . . . . Garrison Access . | . . . . . . . Terminal Hacks 7 | . 3 . 1 2 . 1 Record 6 | . 3 . . 2 . 1 Open Door 1 | . . . 1 . . . Fabricator Hacks . | . . . . . . . Repair Station Hacks . | . . . . . . . Recycling Unit Hacks . | . . . . . . . Scanalyzer . | . . . . . . . Garrison Access Hacks . | . . . . . . . Unauthorized Hacks . | . . . . . . . Terminals . | . . . . . . . Fabricators . | . . . . . . . Repair Stations . | . . . . . . . Recycling Units . | . . . . . . . Scanalyzers . | . . . . . . . Garrison Access . | . . . . . . . Data Cores Recovered . | . . . . . . . Used . | . . . . . . . Hacking Detections 2 | . 1 . . . . 1 Full Trace Events 1 | . . . . . . 1 Feedback Events . | . . . . . . . Feedback Blocked . | . . . . . . . Robot Schematics Acquired . | . . . . . . . Robots Built . | . . . . . . . Authchips . | . . . . . . . Time . | . . . . . . . Total Robot Build Rating . | . . . . . . . Part Schematics Acquired . | . . . . . . . Parts Built . | . . . . . . . Authchips . | . . . . . . . Time . | . . . . . . . Total Part Build Rating . | . . . . . . . Parts Repaired . | . . . . . . . Time . | . . . . . . . Parts Recycled . | . . . . . . . Recycled Matter . | . . . . . . . Retrieved Matter . | . . . . . . . Retrieved Components . | . . . . . . . Parts Scanalyzed . | . . . . . . . Part Schematics Acquired . | . . . . . . . Parts Damaged . | . . . . . . . Bothacking | -11 -10 -9 -9 -8 -7 -6 ------------ Run | Yrd Mat Mat Sto Mat Fac Fac Used RIF Installer . | . . . . . . . Robots Hacked . | . . . . . . . Non-combat . | . . . . . . . Combat . | . . . . . . . Robot Hacks Applied . | . . . . . . . Relay Couplers Released . | . . . . . . . Fabnet Peak Effective % . | . . . . . . . Robots Rewired . | . . . . . . . Allies Hacked . | . . . . . . . Hacks Repelled . | . . . . . . . Allies | -11 -10 -9 -9 -8 -7 -6 -------- Run | Yrd Mat Mat Sto Mat Fac Fac Total Allies . | . . . . . . . Largest Group . | . . . . . . . Highest-Rated Group . | . . . . . . . Highest-Rated Ally . | . . . . . . . Total Orders . | . . . . . . . Ally Attacks . | . . . . . . . Total Damage . | . . . . . . . Kills . | . . . . . . . Allies Corrupted . | . . . . . . . Allies Melted . | . . . . . . . Intel | -11 -10 -9 -9 -8 -7 -6 ------- Run | Yrd Mat Mat Sto Mat Fac Fac Robot Analysis Total . | . . . . . . . Derelict Logs Recovered . | . . . . . . . Drone Launches . | . . . . . . . Drone Recoveries . | . . . . . . . Exploration | -11 -10 -9 -9 -8 -7 -6 ------------- Run | Yrd Mat Mat Sto Mat Fac Fac Turns Passed 2278 | 89 251 283 512 429 137 577 Spaces Moved 1426 | 62 157 95 246 222 111 533 Core 209 | 9 . . . . . 200 Treads . | . . . . . . . Legs 1217 | 53 157 95 246 222 111 333 Wheels . | . . . . . . . Hover . | . . . . . . . Flight . | . . . . . . . Fastest Speed 50 | 50 120 120 120 120 120 50 Average Speed 113 | 120 120 120 120 136 120 94 Slowest Speed 200 | 190 120 120 120 190 120 200 Overloaded Moves . | . . . . . . . Propulsion Burnouts . | . . . . . . . Robots Hopped . | . . . . . . . Cave-ins Triggered . | . . . . . . . Exploration Rate (%) 18 | 4 31 12 39 18 3 21 Regions Visited 6 Branch Regions 1 Pre-discovered Areas . | . . . . . . . Known Exits Taken . | . . . . . . . Unknown Exits Taken 6 | 1 1 1 1 1 1 . Scrap Searched . | . . . . . . . Spaces Dug . | . . . . . . . Terrain Destroyed 87 | . . . 17 67 . 3 Melee . | . . . . . . . Projectile 3 | . . . . . . 3 AOE 84 | . . . 17 67 . . Terrain Rammed . | . . . . . . . Walls Destroyed . | . . . . . . . Machines Disabled . | . . . . . . . Actions | -11 -10 -9 -9 -8 -7 -6 --------- Run | Yrd Mat Mat Sto Mat Fac Fac Total 1845 | 73 189 210 386 284 114 589 Wait 162 | . 13 70 65 6 . 8 Move 1421 | 61 156 95 245 221 110 533 Hop . | . . . . . . . Pick Up 33 | 6 3 5 9 5 1 4 Fast Attach 26 | 6 1 3 5 7 1 3 Attach 19 | . . 3 2 7 1 6 Detach 9 | . . . 1 1 . 7 Swap 14 | . . 3 6 4 1 . Drop 24 | . 1 3 12 2 . 6 Fire 119 | . 15 26 39 30 . 9 Melee . | . . . . . . . Ram 6 | . . . . . . 6 Kick 10 | . . 2 2 1 . 5 Crush . | . . . . . . . Escape Stasis 2 | . . . . . . 2 Rewire . | . . . . . . . Trap . | . . . . . . . Miscellaneous . | . . . . . . . Route ------- -11/Scrapyard -10/Materials -9/Materials -9/Storage -8/Materials -7/Factory -6/Factory History --------- Turn | Location | Event 14 | -11/Scrapyard | Discovered new exit (range 13) 90 | -11/Scrapyard | Entered Materials 306 | -10/Materials | Discovered new exit (range 14) 318 | -10/Materials | Build established: Mutant 341 | -10/Materials | Entered another Materials area 341 | -9/Materials | Evolved 2 slots: Propulsion x2 618 | -9/Materials | Discovered new exit (range 5) 624 | -9/Materials | Entered Storage 1118 | -9/Storage | Discovered new exit (range 16) 1136 | -9/Storage | Entered Materials 1136 | -8/Materials | Evolved 2 slots: Utility x1, Weapon x1 1285 | -8/Materials | Lost 8 parts (1p4n1u2w) 1372 | -8/Materials | Lost 3 parts (1p1u1w) 1552 | -8/Materials | Discovered new exit (range 12) 1565 | -8/Materials | Entered Factory 1565 | -7/Factory | Evolved 2 slots: Utility x1, Weapon x1 1689 | -7/Factory | Discovered new exit (range 13) 1702 | -7/Factory | Entered another Factory area 1702 | -6/Factory | Evolved 2 slots: Power x1, Propulsion x1 1715 | -6/Factory | Build established: Scavenger-Tank 2083 | -6/Factory | Build established: Scavenger-Mutant 2157 | -6/Factory | Released all parts (7) 2179 | -6/Factory | Lost 7 parts (1p2n3u1w) 2252 | -6/Factory | Core integrity fell below 50% 2275 | -6/Factory | Core integrity fell below 20% 2279 | -6/Factory | Destroyed by H-66 Slayer with Gauss Rifle Last Messages --------------- System corrupted: Heat flow error (+163). Acquired Mic. Nuclear Core. Acquired Xenon Bombardment Thruster. Pressure Siphon disabled. K-01 Serf cleans the Pressure Siphon. Slug penetrates Wall. RNAC&%UWJV Slammed into T-07 Excavator. Slug penetrates Wall. Slammed into P-60 Hacker. Destabilizing: System corrupted (+1). System corrupted: Matter fused (-5). Slammed into P-60 Hacker. Mic. Nuclear Core destroyed. Slammed into P-60 Hacker. Penetrated by Slug. [Achievement: 5k Club] Map ----- +----------------------------------------------------+ | ???????????????????????????????????????# | | ???????????????????????????????????????# | | ???????????????????????????????????????########+## | | ????????????????????????#################### | | ????????????????????????# ! """ # | | ????????????????????????# / [ "Y" # | | ????????????????????????# " " # | | ????????????????????????# + | | ???????????????????????????""" """ """ """ # """ | | ???????????????????????????????""" """ """ + """ | | ????????????????????????????????"" """ """ # """ | | ???????????????????????????????? # """ | | ??????????????????????###################### | | ??????????????????????# | | ??????????????????????# | | ??????????????????????# | | ??????????????????????# t | | ??????????????????????# | | ??????????????????????# ############+### | | ???????????#+########## h######?????????####### | | ?????????? # #???????????????? | | ?????????? g # !!!#???????????????? | | ????????? g + !! #???????????????? | | ????????? # !! #???????????????? | | ????????? p # #???????????????? | | ???????????#+############@########???????????????? | | ???????????????????????# #??????????????????????? | | ???????????????????????####??????????????????????? | | ?????????????????????????????????????????????????? | | ?????????????????????????????????????????????????? | | ?????????????????????????????????????????????????? | | ?????????????????????????????????????????????????? | | ?????????????????????????????????????????????????? | | ?????????????????????????????????????????????????? | | ?????????????????????????????????????????????????? | | ?????????????????????????????????????????????????? | | ?????????????????????????????????????????????????? | | ?????????????????????????????????????????????????? | | ?????????????????????????????????????????????????? | | ?????????????????????????????????????????????????? | | ?????????????????????????????????????????????????? | | ?????????????????????????????????????????????????? | | ?????????????????????????????????????????????????? | | ?????????????????????????????????????????????????? | | ?????????????????????????????????????????????????? | | ?????????????????????????????????????????????????? | | ?????????????????????????????????????????????????? | | ?????????????????????????????????????????????????? | | ?????????????????????????????????????????????????? | | ?????????????????????????????????????????????????? | +----------------------------------------------------+ Best States ------------- Heat Dissipation 37 Energy Generation 25 Energy Capacity 360 Matter Stores 300 Matter Capacity 300 Sight Range 16 Terrain Scan Density 10 Additional Mass Support 6 Armor Coverage 150 Evasion (%) 63 Particle Charging 20 Defensive Hacking 10 Item Schematics ----------------- None Robot Schematics ------------------ None Fabricated ------------ Nothing Alien Tech Used ----------------- None Achievements -------------- 5k Club Let's See Who's Tougher Use The Force Challenges ------------ None Game ------ Seed XenonDispersionCarapace Manual? 0 Play Time 00:43:14 Cumulative 4.8 hours Start 2024.09.26 @ 17:55:13 End 2024.09.26 @ 22:55:20 Sessions 3 Manual Loads 0 Difficulty Rogue Special Mode None Game No. 9 Rogue 8 Adventurer 0 Explorer 1 Win Type - Total 0 Types 0/0/0/0/0/0/0/0/0 Lore% 2 Gallery% 9 Achievement% 10 Wizard Run 0 Options --------- Layout 1 ASCII 0 Keyboard 1 Movement Arrows Keybinds 0 Fullscreen 1 Font 24/Smallcaps Map View 50x35 Zoom Use 0% Tactical HUD 0 Map Filters NONE Filters NONE Steam 1 RUN: d35a3e21-cb11-4990-96cb-4dd858be2fa7